 Dungeon Crawl Stone Soup version 0.25-a0-340-ga1faa1601d (webtiles) character file.

Game seed: 18076465347136188613, levelgen mode: deterministic

12967 pk666 the Thaumaturge (level 11, -4/54 HPs)
             Began as a Deep Elf Wizard on Dec 29, 2019.
             Was an Elder of Vehumet.
             Slain by a komodo dragon (32 damage)
             ... on level 1 of the Lair of Beasts.
             The game lasted 01:02:03 (20034 turns).

pk666 the Thaumaturge (Deep Elf Wizard)            Turns: 20034, Time: 01:02:03

Health: -4/54      AC:  3    Str:  4    XL:     11   Next: 69%
Magic:  30/30      EV: 18    Int: 27    God:    Vehumet [****..]
Gold:   719        SH:  2    Dex: 13    Spells: 21/36 levels left

rFire    . . .     SeeInvis .   F - staff of wizardry
rCold    . . .     Gourm    .   (no shield)
rNeg     + . .     Faith    .   v - +0 robe {rN+}
rPois    .         Spirit   .   b - +0 hat
rElec    .         Reflect  +   x - +0 cloak
rCorr    .         Harm     .   (no gloves)
MR       ++...                  (no boots)
Stlth    ++........             t - +2 amulet of reflection
HPRegen  0.18/turn              e - +1 ring of slaying
MPRegen  0.22/turn              D - ring of protection from magic

@: no status effects
A: no striking features
a: Renounce Religion


You were on level 1 of the Lair of Beasts.
You worshipped Vehumet.
Vehumet was greatly pleased with you.
You were not hungry.

You visited 3 branches of the dungeon, and saw 13 of its levels.

You collected 719 gold pieces.

Inventory:

Hand Weapons
 o - a +1 dagger of piercing
Armour
 b - a +0 hat (worn)
 v - a +0 robe of positive energy (worn)
 x - a +0 cloak (worn)
Magical Staves
 F - an uncursed staff of wizardry (weapon)
Jewellery
 e - a +1 ring of slaying (left hand)
 t - a +2 amulet of reflection (around neck)
 D - a ring of protection from magic (right hand)
 I - an uncursed amulet of harm
Wands
 n - a wand of scattershot (8)
 B - a wand of acid (8)
 H - a wand of iceblast (10)
Scrolls
 a - 4 scrolls of remove curse
 g - a scroll of fog {unknown}
 h - a scroll of immolation
 i - 2 scrolls of fear
 j - 3 scrolls of magic mapping
 k - 2 scrolls of blinking
 l - a scroll of vulnerability {unknown}
 m - 2 scrolls of brand weapon
 u - 3 scrolls of noise {unknown}
 y - a scroll of enchant armour {unknown}
 C - 5 scrolls of identify
 E - a scroll of enchant weapon {unknown}
 J - a scroll of torment {unknown}
 L - a scroll of amnesia {unknown}
Potions
 c - a potion of flight
 f - 2 potions of might
 p - 2 potions of agility
 q - 2 potions of magic
 r - a potion of mutation
 s - 2 potions of haste {unknown}
 w - a potion of degeneration {unknown}
 z - a potion of curing
 A - 2 potions of invisibility
 G - a potion of resistance
Comestibles
 d - 9 rations
 K - 3 chunks of flesh


   Skills:
 + Level 9.9 Dodging
 - Level 2.4 Stealth
 + Level 13.0 Spellcasting
 + Level 10.7 Conjurations
 - Level 2.0 Summonings
 - Level 1.1 Translocations
 + Level 10.3 Fire Magic
 - Level 2.1 Air Magic
 - Level 2.0 Poison Magic


You had 21 spell levels left.
You knew the following spells:

 Your Spells              Type           Power        Failure   Level  Hunger
a - Magic Dart            Conj           ####         1%          1    None
b - Blink                 Tloc           N/A          1%          2    None
c - Conjure Flame         Conj/Fire      ######..     1%          3    None
d - Mephitic Cloud        Conj/Pois/Air  #####...     1%          3    None
e - Call Imp              Summ           ####....     1%          2    None
f - Apportation           Tloc           ###...       1%          1    None
g - Stone Arrow           Conj/Erth      #####.       1%          3    None

Your spell library contained the following spells:

 Spells                   Type           Power        Failure   Level  Hunger
 Animate Skeleton         Necr           N/A          1%          1    None
 Beastly Appendage        Tmut           ###...       1%          1    None
 Confusing Touch          Hex            ###...       1%          1    None
 Summon Small Mammal      Summ           ####         1%          1    None
 Slow                     Hex            ###.....     1%          2    None
 Sticks to Snakes         Tmut           ###.....     1%          2    None
 Spider Form              Tmut/Pois      ###.......   2%          3    None
 Ice Form                 Ice/Tmut       ###.....     12%         4    None
 Blade Hands              Tmut           ###.......   32%         5    ##.....


Dungeon Overview and Level Annotations

Branches:
Dungeon (11/15)            Temple (1/1) D:4            Lair (1/6) D:9
    Orc (0/2) D:10

Altars:
Ashenzari
Cheibriados
Dithmenos
Elyvilon
Fedhas
Gozag
Hepliaklqana
Kikubaaqudgha
Makhleb
Nemelex Xobeh
Okawaru
Qazlal
Ru
Sif Muna
Trog
Uskayaw
Vehumet
Wu Jian
Xom
Yredelemnul
Zin
The Shining One

Shops:
D:6 =

Annotations:
D:3 3 runed translucent doors, treziel's ghost, amateur HaHu


Message History

Vehumet accepts your kill.
You feel your power returning.
Casting: Magic Dart (safe; 1% risk of failure)
Confirm with . or Enter, or press ? or * to list all spells.
You can't see any susceptible monsters within range! (Use Z to cast anyway.)
You start resting.
Magic restored.
You start resting.
HP restored.
You see here a blink frog corpse.
You butcher the blink frog corpse.
K - 3 chunks of flesh You see here a blink frog skeleton.
There isn't anything to butcher here.
Okay, then.
There is a staircase to the Lair here.
You climb downwards.
Welcome back to the Lair of Beasts!
The komodo dragon bites you!! x2
Ouch! That really hurt!
You die...

#...........# ..
............# ...
#P..........# ....
#..........# ### .....
#..........########.##§.....
##................÷..........
#.....(...........÷...§......
##...............########.P..
##............@l.P# #..
#................## .
##....#.P#+###...#
#.>..#...........###.
##...#........(.......
.....#.......#....####
................###
.....#..........#
#.#.#...........#


You could see a komodo dragon.

Vanquished Creatures
  Harold (D:9)
  A two-headed ogre (D:9)
  2 trolls
  8 blink frogs
  A shadow (D:11)
  A vampire (D:11)
  19 yaks
  A human (D:10)
  4 hungry ghosts
  3 wargs (D:10)
  Edmund (D:5)
  A soldier ant (D:11)
  A phantom (D:10)
  2 sky beasts
  7 orc warriors
  4 ice beasts
  2 necrophages (D:10)
  3 centaurs
  8 ogres
  A crocodile (D:11)
  2 big kobolds
  10 bullfrogs
  2 water moccasin zombies
  A scorpion (D:9)
  5 killer bees (D:10)
  4 wights (D:9)
  3 howler monkeys
  5 crimson imps
  A centaur zombie (D:10)
  3 hounds
  2 jellies
  A gnoll shaman (D:5)
  6 orc priests
  9 orc wizards
  Jessica (D:3)
  3 iguanas
  5 worker ants
  A killer bee zombie (D:7)
  A hound zombie (D:10)
  A hound skeleton (D:10)
  8 gnolls
  8 adders
  A shadow imp (D:5)
  2 oozes
  3 worms
  A dart slug (D:3)
  8 leopard geckos
  57 orcs
  2 bat zombies (D:3)
  11 giant cockroaches
  3 hobgoblins
  14 jackals
  2 quokkas
  A ball python (D:1)
  7 bats
  6 frilled lizards
  8 goblins
  21 kobolds
  A leopard gecko zombie (D:5)
  A quokka skeleton (D:5)
  A quokka zombie (D:8)
  5 rats
308 creatures vanquished.

Vanquished Creatures (collateral kills)
  A blink frog (Lair:1)
  A water moccasin (D:9)
  2 orc warriors
  An ogre (D:8)
  A centaur (D:6)
  2 bullfrogs
  A jelly (D:7)
  A centaur zombie (D:7)
  A gnoll shaman (D:8)
  An orc priest (D:7)
  2 worker ants
  A gnoll (D:8)
  5 orcs
  A kobold (D:10)
21 creatures vanquished.

Vanquished Creatures (others)
  An orc priest (D:6)
  A hound (D:10)
  An orc wizard (D:6)
  6 orcs
  10 fungi
  5 toadstools (D:10)
24 creatures vanquished.

Grand Total: 353 creatures vanquished

Notes
Turn   | Place    | Note
-------+----------+-------------------------------------------
     0 | D:1      | pk666 the Deep Elf Wizard began the quest for the Orb.
     0 | D:1      | Reached XP level 1. HP: 10/10 MP: 7/7
    18 | D:1      | You fall into a shaft and drop 1 floor!
   437 | D:2      | Reached XP level 2. HP: 15/15 MP: 3/9
   598 | D:2      | Learned a level 2 spell: Blink
  1209 | D:1      | Reached XP level 3. HP: 19/19 MP: 7/11
  1213 | D:1      | Reached skill level 5 in Spellcasting
  1278 | D:1      | Learned a level 3 spell: Conjure Flame
  1282 | D:1      | Learned a level 3 spell: Mephitic Cloud
  1285 | D:1      | Learned a level 2 spell: Call Imp
  2054 | D:3      | Noticed Jessica
  2061 | D:3      | Killed Jessica
  2061 | D:3      | Reached XP level 4. HP: 20/24 MP: 3/13
  2079 | D:3      | Found a faded altar of an unknown god.
  2179 | D:3      | Found a runed translucent gate.
  2179 | D:3      | Found a runed translucent gate.
  2179 | D:3      | Found a runed translucent gate.
  2181 | D:3      | Noticed treziel's ghost (amateur HaHu)
  2279 | D:3      | Reached skill level 1 in Poison Magic
  2287 | D:3      | Reached skill level 1 in Air Magic
  2422 | D:3      | Found an ancient bone altar of Kikubaaqudgha.
  2778 | D:3      | Reached skill level 1 in Fire Magic
  2778 | D:3      | Reached XP level 5. HP: 9/28 MP: 0/14
  3899 | D:4      | Reached XP level 6. HP: 20/32 MP: 10/16
  4095 | D:4      | Reached skill level 6 in Spellcasting
  4302 | D:4      | Found a staircase to the Ecumenical Temple.
  4404 | D:4      | Found a shimmering blue altar of Sif Muna.
  4647 | D:5      | Entered Level 5 of the Dungeon
  4688 | Temple   | Entered the Ecumenical Temple
  4790 | Temple   | Became a worshipper of Vehumet
  4965 | D:5      | Reached XP level 7. HP: 7/36 MP: 0/18
  5594 | D:5      | Reached skill level 7 in Spellcasting
  5674 | D:5      | Noticed Edmund
  5683 | D:5      | Killed Edmund
  6062 | D:5      | Reached skill level 5 in Conjurations
  6765 | D:6      | Reached XP level 8. HP: 37/41 MP: 16/21
  6834 | D:6      | Reached skill level 8 in Spellcasting
  7028 | D:6      | Reached skill level 5 in Fire Magic
  7140 | D:6      | Learned a level 1 spell: Apportation
  7173 | D:6      | Reached * piety under Vehumet
  7173 | D:6      | Offered knowledge of Freeze by Vehumet.
  7502 | D:6      | Found West's Jewellery Boutique.
  7811 | D:6      | Found an ornate altar of the Wu Jian Council.
  7811 | D:6      | Found a sparkling altar of Nemelex Xobeh.
  8208 | D:7      | Reached skill level 9 in Spellcasting
  8586 | D:7      | Reached XP level 9. HP: 36/45 MP: 6/24
  9282 | D:7      | Reached skill level 5 in Dodging
  9304 | D:7      | Noticed an angel
  9305 | D:7      | Found a glowing silver altar of Zin.
  9332 | D:7      | Reached ** piety under Vehumet
  9348 | D:7      | Reached skill level 10 in Spellcasting
  9369 | D:7      | Offered knowledge of Shock by Vehumet.
 11268 | D:9      | Offered knowledge of Inner Flame by Vehumet.
 11632 | D:9      | Found a basalt altar of Yredelemnul.
 11892 | D:9      | Noticed Harold
 11929 | D:9      | Reached XP level 10. HP: 15/50 MP: 17/26
 12015 | D:9      | Reached *** piety under Vehumet
 12205 | D:9      | Noticed a two-headed ogre
 12487 | D:9      | Found a glowing golden altar of the Shining One.
 12542 | D:9      | Found a staircase to the Lair.
 12962 | D:9      | Reached skill level 11 in Spellcasting
 13498 | D:10     | Entered Level 10 of the Dungeon
 14643 | D:10     | Offered knowledge of Fulminant Prism by Vehumet.
 15511 | D:9      | Killed Harold
 15511 | D:9      | Reached skill level 12 in Spellcasting
 15511 | D:9      | Reached XP level 11. HP: 54/54 MP: 16/29
 15566 | D:9      | Killed a two-headed ogre
 16115 | D:10     | Reached skill level 10 in Conjurations
 16174 | D:10     | Reached **** piety under Vehumet
 16798 | D:10     | Offered knowledge of Stone Arrow by Vehumet.
 17017 | D:10     | Learned a level 3 spell: Stone Arrow
 17052 | D:10     | Found a staircase to the Orcish Mines.
 18606 | D:11     | Reached skill level 10 in Fire Magic
 18933 | D:11     | Noticed a green ugly thing
 19451 | Lair:1   | Entered Level 1 of the Lair of Beasts
 19767 | D:9      | Reached skill level 13 in Spellcasting
 20034 | Lair:1   | Slain by a komodo dragon

Levels and vault maps discovered:
D:1:      matt_arrival_diagonals, layout_rooms
D:2:      layout_loops_cross
D:3:      layout_basic, lemuel_zombie_altar_kikubaaqudgha,
          chequers_ecumenical_altar_simple, gammafunk_ghost_necromancy,
          kennysheep_crisscross, uniq_jessica
D:4:      layout_cave_pools, lemuel_round_altar, temple_pool_b, first_ration
D:5:      layout_loops_ring, uniq_edmund
D:6:      layout_rooms, gammafunk_temple_overflow_elements, serial_shops,
          nicolae_shop_statue_plus, grunt_decor_one_mirror,
          lemuel_flamethrower_2
D:7:      layout_basic, zin_angel, kennysheep_another_room
D:8:      layout_basic
D:9:      layout_basic, tso_altar, lair_entry_dummy, basic_altar,
          hangedman_decor_lopped, uniq_harold
D:10:     layout_basic, david_orc_1_choice, special_room [special_room_orc],
          hangedman_stone_soup, minmay_gold_behind_fungi
D:11:     layout_roguey, enter_trove_5
Temple:   regret_index_temple_sphere_string
Lair:1:   minmay_guarded_unrand_snakebite, layout_chaotic_city, uniq_joseph

Skill      XL: |  1  2  3  4  5  6  7  8  9 10 11 |
---------------+----------------------------------+-----
Dodging        | 3 4 6 8 9 |  9.9
Conjurations   | 2 3 4 5 7 8 9 10 | 10.7
Spellcasting   | 5 6 7 9 10 12 13 | 13.0
Poison Magic   | 1 2 |  2.0
Air Magic      | 1 2 |  2.1
Fire Magic     | 1 3 4 6 7 9 10 | 10.3
Summonings     | 2 |  2.0
Stealth        | |  2.4
Translocations | |  1.1

Action                   |  1- 3 |  4- 6 |  7- 9 | 10-12 || total
-------------------------+-------+-------+-------+-------++-------
Melee: Dagger            |     2 |    20 |     9 |       ||    31
       Staff             |       |       |       |     4 ||     4
 Cast: Magic Dart        |   121 |   143 |   405 |   593 ||  1262
       Conjure Flame     |     1 |     1 |    26 |    64 ||    92
       Call Imp          |       |     8 |    33 |    38 ||    79
       Mephitic Cloud    |       |    12 |    41 |    45 ||    98
       Blink             |       |     7 |    18 |    12 ||    37
       Stone Arrow       |       |       |       |    33 ||    33
Evoke: Wand              |       |       |       |     3 ||     3
  Use: Potion            |       |     2 |     3 |     2 ||     7
       Scroll            |       |       |    15 |     1 ||    16
 Stab: Confused          |       |       |     1 |       ||     1
  Eat: Chunk             |     3 |     6 |    15 |    16 ||    40
       Ration            |       |     1 |     2 |     3 ||     6
Armor: Robe              |     6 |     5 |    10 |    11 ||    32
Dodge: Dodged            |    15 |    51 |    88 |   103 ||   257
Block: Other             |       |     5 |     7 |     4 ||    16
       Reflection        |       |       |       |     1 ||     1

Table legend:
 A = Non-vault XP
 B = Vault XP
 C = Vault XP percentage of total XP
 D = Non-vault monster count
 E = Vault monster count
 F = Vault count percentage of total count
                 A         B        C        D         E       F
            +---------+---------+-------+---------+---------+-------
      Total |   15814 |    2711 |  14.6 |     289 |      41 |  12.4
            +---------+---------+-------+---------+---------+-------
        D:1 |      45 |       0 |   0.0 |      24 |       0 |   0.0
        D:2 |      23 |       0 |   0.0 |      11 |       0 |   0.0
        D:3 |     177 |      41 |  18.8 |      36 |       3 |   7.7
        D:4 |     281 |       0 |   0.0 |      10 |       0 |   0.0
        D:5 |     567 |     158 |  21.8 |      22 |       1 |   4.3
        D:6 |     759 |       0 |   0.0 |      20 |       0 |   0.0
        D:7 |    2163 |       0 |   0.0 |      33 |       0 |   0.0
        D:8 |     711 |       0 |   0.0 |      25 |       0 |   0.0
        D:9 |    3378 |     997 |  22.8 |      34 |       1 |   2.9
       D:10 |    4024 |    1515 |  27.4 |      40 |      36 |  47.4
       D:11 |    2253 |       0 |   0.0 |      27 |       0 |   0.0
     Lair:1 |    1433 |       0 |   0.0 |       7 |       0 |   0.0
            +---------+---------+-------+---------+---------+-------
